 Dungeon Crawl Stone Soup version 0.31-a0-640-g39d97e502b (webtiles) character file.

Game seed: 12698958556906576908

14 rvierbuc the Conjurer (level 2, 0/5 (22) HPs)
             Began as a Demonspawn Reaver on Aug 27, 2023.
             Slain by a quokka (3 damage)
             ... on level 1 of the Dungeon.
             The game lasted 00:02:09 (547 turns).

rvierbuc the Conjurer (Demonspawn Reaver)            Turns: 547, Time: 00:02:10

HP:   0/5 (22)      AC:  4    Str: 12    XL:     2   Next: 31%
MP:   4/5           EV: 11    Int: 14    God:
Gold: 25            SH:  0    Dex: 11    Spells: 4/5 levels left

rFire   . . .        a - +0 falchion
rCold   . . .        (no shield)
rNeg    . . .        b - +0 leather armour
rPois   .            (no helmet)
rElec   .            d - +0 cloak
rCorr   .            (no gloves)
SInv    .            (no boots)
Will    .....        (no amulet)
Stlth   +            (no ring)
HPRegen 0.20/turn    (no ring)
MPRegen 0.09/turn

%: no passive effects
@: very slightly contaminated, extremely drained
A: hooves 1
a: no special abilities


You were on level 1 of the Dungeon.
You visited 1 branch of the dungeon, and saw 1 of its levels.

You collected 25 gold pieces.

Inventory:

Hand Weapons
 a - a +0 falchion (weapon)
Armour
 b - a +0 leather armour (worn)
 d - a +0 cloak (worn)
Potions
 c - a potion of enlightenment {unknown}


   Skills:
 + Level 2.0 Fighting
 + Level 3.0 Long Blades
 + Level 1.8 Dodging
 + Level 2.0 Spellcasting
 + Level 3.3 Conjurations


You had 4 spell levels left.
You knew the following spells:

 Your Spells              Type           Power      Damage    Failure   Level
a - Kiss of Death         Conj/Necr      24%        2d7       16%         1

Your spell library contained the following spells:

 Spells                   Type           Power      Damage    Failure   Level
 Momentum Strike          Conj/Tloc      12%        3d8       22%         2
 Hailstorm                Conj/Ice       6%         3d4       41%         3


Dungeon Overview and Level Annotations

Branches:
Dungeon (1/15)

Altars:


Innate Abilities, Weirdness & Mutations

You have large cloven feet.


Message History

Casting: Kiss of Death (safe; 16% risk of failure)
Confirm with . or Enter, or press ? or * to list all spells.
Aiming: Kiss of Death (safe; 16% risk of failure)
Press: ? - help, Shift-Dir - straight line, f/p - quokka
Aim: a quokka (100% to hit)
The negative energy hits the quokka.
The quokka is drained!
You kill the quokka!
You feel drained.
Your magical contamination has completely faded away.
Unknown command.
You start waiting.
Done waiting.
You start waiting.
Done waiting.
Okay, then.
Casting: Kiss of Death (safe; 16% risk of failure)
Confirm with . or Enter, or press ? or * to list all spells.
Okay, then.
You open the door.
Found an escape hatch in the floor.
A quokka comes into view.
Found a stone staircase leading down.
The quokka bites you.
You miss the quokka. You kick the quokka.
The quokka is severely wounded.
The quokka misses you.
You closely miss the quokka. Your kick misses the quokka.
The quokka is severely wounded.
The quokka bites you. The quokka misses you.
You are too injured to fight recklessly!
You are too injured to fight recklessly!
You are too injured to fight recklessly!
Aiming: Kiss of Death (safe; 16% risk of failure)
Press: ? - help, Q - select action Shift-Dir - straight line, f - quokka
Aim: a quokka (severely wounded, 100% to hit)
You miscast Kiss of Death.
You are very lightly contaminated with residual magic.
Nothing appears to happen.
The quokka bites you.
Ouch! That really hurt!
You die...

#..#. ## ........ +..
....... ######
.#..##...... ###.....
.........#.# ###...~~~.
...#....#.# ##...~~~~≈~
......#.###..~~~~≈≈~~
#r..#.##..~~~≈#####
..##.@.#.#..~~≈≈##...#
.............~~~≈≈#.....
#....#####.#.~~≈≈≈#.>...
#... ...#..~~≈≈#.....
#.. #.##.##.~~≈≈##...#
#. # #.##.~≈≈≈≈##### >
..##.~~≈≈≈≈≈≈≈~
...#..~~≈≈≈≈≈≈≈ ...
#.~~≈≈≈≈≈≈≈


You could see a quokka.

Vanquished Creatures
  A dart slug (D:1)
  2 endoplasms (D:1)
  A giant cockroach (D:1)
  3 goblins (D:1)
  A quokka (D:1)
  A frilled lizard (D:1)
  2 kobolds (D:1)
11 creatures vanquished.

Notes
Turn   | Place    | Note
-------+----------+-------------------------------------------
     0 | D:1      | rvierbuc the Demonspawn Reaver began the quest for the Orb.
     0 | D:1      | Reached XP level 1. HP: 16/16 MP: 3/3
    99 | D:1      | Discovered your monstrous ancestry.
    99 | D:1      | Gained mutation: You have large cloven feet. [demonic
                  | ancestry]
    99 | D:1      | Reached XP level 2. HP: 8/12 MP: 3/5
   547 | D:1      | Slain by a quokka

Illustrated notes

Levels and vault maps discovered:
D:1:      minmay_arrival_shoal_huts, layout_basic, minmay_splitting_lines

Skill      XL: |  1  2 |
---------------+-------+-----
Long Blades    | 3 |  3.0
Fighting       | |  2.0
Dodging        | |  1.8
Spellcasting   | |  2.0
Conjurations   | |  3.3

Action                     || total
---------------------------++-------
  Melee: Falchion          ||    21
         Kick              ||     1
         Punch             ||     1
   Cast: Kiss of Death     ||     6
 Armour: Leather armour    ||     9
  Dodge: Dodged            ||    12

Table legend: (Time is in decaauts)
 A = Elapsed time spent in this place.
 B = Non-inter-level travel time spent in this place.
 C = Inter-level travel time spent in this place.
 D = Time resting spent in this place.
 E = Time spent auto-exploring this place.
 F = Levels seen in this place.
 G = Mean time per level.
                   A        B        C        D        E       F      G
               +--------+--------+--------+--------+--------+-----+--------+
         Total |    559 |    523 |     36 |    200 |    205 |   1 |  559.0 |
       Dungeon |    559 |    523 |     36 |    200 |    205 |   1 |  559.0 |
               +--------+--------+--------+--------+--------+-----+--------+

Top non-repeatable levels by time:
     D:1: 559 daAuts
